AoeStats
← PaulTschigerillo

Arabia

510106419Analyzed
2v2 RM · 2d ago on Sep 29, 2026· 28m 3s· 4 players
Game mode
Random Map
Map size
Medium (4 player)
Population
200
Speed
Normal
Resources
Standard
Victory
Conquest
Starting age
Dark Age
Ending age
Imperial Age
RankedLock teamsTeams togetherTeam positionsShared explorationLock speedFull tech treeHidden civsTurbo modeCheats
Victory
Defeat
🇩🇪 Ethiopians · Germany
1260
+13
🇩🇪 Berbers · Germany
1259
+13
🇩🇪 Saxons · Germany
1203
-13
🇩🇪 Danes · Germany
1202
-13
fickr
5:06 Loom
10:20 Feudal Age
10:27 Man-at-Arms
18:04 Castle Age
16:19 Horse Collar
16:56 Double-Bit Axe
23:11 Wheelbarrow
23:32 Bow Saw
23:23 Heavy Plow
27:00 Hand Cart
27:00 Squires
27:21 Town Watch
PaulTschigerillo
9:55 Feudal Age
14:23 Double-Bit Axe
15:18 Loom
16:22 Fletching
24:04 Castle Age
22:13 Horse Collar
24:08 Crossbowman
Johnyxash
7:14 Loom
10:10 Feudal Age
10:40 Double-Bit Axe
13:52 Fletching
14:34 Horse Collar
22:58 Castle Age
22:18 Padded Archer Armor
22:12 Gold Mining
24:23 Wheelbarrow
23:57 Bodkin Arrow
23:23 Crossbowman
24:44 Bow Saw
26:01 Ballistics
26:50 Leather Archer Armor
cordlaboe
6:27 Loom
9:25 Feudal Age
10:24 Double-Bit Axe
10:48 Horse Collar
16:59 Fletching
20:27 Castle Age
19:41 Scale Barding Armor
20:20 Forging
21:08 Bloodlines
22:12 Iron Casting
23:33 Bow Saw
25:09 Heavy Plow
Connection lost

Rejoining the realm…

Still unreachable

The connection could not be restored.

Session expired

The server has moved on; the page needs a fresh start.